 Dungeon Crawl Stone Soup version 0.31-a0-986-g5e6e4ef867 (webtiles) character file.

Game seed: 12842028220747972457

333 sokol815 the Poker (level 6, 0/42 HPs)
             Began as an Octopode Gladiator on Nov 11, 2023.
             Was an Initiate of Gozag.
             Slain by a gnoll
             ... wielding a +0 flail
             ... led by a gnoll bouda
              (6 damage)
             ... on level 4 of the Dungeon.
             The game lasted 00:04:50 (3515 turns).

sokol815 the Poker (Octopode Gladiator)             Turns: 3515, Time: 00:04:51

Health: 0/42       AC:  3    Str: 13    XL:     6   Next: 52%
Magic:  6/6        EV: 13    Int: 11    God:    Gozag
Gold:   151        SH:  6    Dex: 13    Spells: 5/5 levels left

rFire   . . .        a - +2 trident (freeze)
rCold   . . .        l - +1 buckler
rNeg    . . .        b - +1 hat
rPois   .            (no amulet)
rElec   .            (no ring)
rCorr   .            (no ring)
SInv    .            (no ring)
Will    .....        (no ring)
Stlth   ++           (no ring)
HPRegen 0.27/turn    (no ring)
MPRegen 0.10/turn    (no ring)
                     (no ring)

%: no passive effects
@: weakened, gold aura
A: almost no armour, amphibious, 8 rings, camouflage 1, gelatinous body 1,
(nimble swimmer 1), tentacles, shaggy fur 1, weak 1
a: Renounce Religion, Potion Petition, Call Merchant, Bribe Branch


You were on level 4 of the Dungeon.
You worshipped Gozag.
Gozag was aware of your devotion.
You visited 2 branches of the dungeon, and saw 5 of its levels.

You collected 225 gold pieces.
You spent 13 gold pieces at shops.
You paid 61 gold pieces to Gozag.

Inventory:

Hand Weapons
 a - a +2 trident of freezing (weapon)
 f - a +0 dagger of speed
   (You took it off an orc wizard on level 4 of the Dungeon)
 j - a +2 dagger of protection
   (You took it off an orc wizard on level 4 of the Dungeon)
 o - the +1 short sword "Folesef" {vamp, *Slow Fragile rPois rF++}
   (You found it on level 4 of the Dungeon)

   rF++:      It greatly protects you from fire.
   rPois:     It protects you from poison *Slow: It may slow you when you take
   damage.
   Fragile:   It will be destroyed if unequipped.
 r - the +8 Wrath of Trog {antimagic, *Rage Rampage}
   (You found it on level 4 of the Dungeon)

   It causes slowness and exhaustion when equipped.
   It extends the wielder's berserk rage when killing foes.
   *Rage:     It berserks you when you make melee attacks (+50% chance).
   Rampage:   It bestows one free step when moving towards enemies.
Missiles
 c - 3 throwing nets {!d}
 e - a javelin
 g - 5 boomerangs
 p - 8 poisoned darts
 s - 52 stones
Armour
 b - a +1 hat (worn)
 l - a +1 buckler (worn)
   (You found it on level 2 of the Dungeon)
Magical Staves
 k - a staff of earth
   (You found it on level 4 of the Dungeon)
Wands
 i - a wand of iceblast (15)
   (You found it on level 4 of the Dungeon)
Scrolls
 h - 2 scrolls of amnesia
 q - a scroll of fog
 Y - a scroll of teleportation {@r3}
Potions
 d - a potion of enlightenment
 m - 2 potions of heal wounds {unknown}
 n - a potion of cancellation
 U - a potion of mutation {!q}


   Skills:
 + Level 3.5 Fighting
 * Level 5.2 Polearms
 - Level 2.0 Throwing
 - Level 3.0 Dodging
 * Level 3.4 Shields


You had 5 spell levels left.
You didn't know any spells.
Your spell library contained the following spells:

 Spells                   Type           Power      Damage    Failure   Level
 Magic Dart               Conj           0%         1d3       43%         1
 Call Imp                 Summ           0%         N/A       58%         2
 Cigotuvi's Dreadful Rot  Necr/Pois/Air  0%         N/A       58%         2
 Ignite Poison            Fire/Tmut/Pois 0%         N/A       82%         3
 Mephitic Cloud           Conj/Pois/Air  0%         N/A       82%         3
 Freezing Cloud           Conj/Ice/Air   0%         6-21      100%        5


Dungeon Overview and Level Annotations

Branches:
Dungeon (4/15) Zot: 20504  Temple (1/1) D:4 Zot: 5963

Altars:
Ashenzari
Cheibriados
Dithmenos
Elyvilon
Gozag
Hepliaklqana
Nemelex Xobeh
Okawaru
Uskayaw
Vehumet
Xom
Yredelemnul
Zin
The Shining One

Shops:
D:1 :   D:2 [   D:3 !


Innate Abilities, Weirdness & Mutations

You cannot wear most types of armour.
You are amphibious.
You can wear up to eight rings at the same time.
Your skin changes colour to match your surroundings (Stealth+).
Your rubbery body absorbs attacks. (AC +1, EV +1)
((You are camouflaged when in or above water. (Stealth+)))
You have tentacles for arms and can constrict up to eight enemies at once.
You are covered in fur. (AC +1)
You are weak. (Str -2)


Message History

There is an open door here.
You open the door.
There is an open door here.
You now have 147 gold pieces (gained 13).
A kobold comes into view.
It is wielding a +0 dagger and quivering poisoned darts.
You reach to attack!
The helpless kobold fails to defend itself.
You puncture the kobold! You freeze the kobold.
You kill the kobold!
No target in view!
No target in view!
You now have 151 gold pieces (gained 4).
p - 8 poisoned darts (gained 6)
You see here a +0 dagger.
Okay, then.
A gnoll comes into view. It is wielding a +0 club.
The gnoll shouts!
You hear a shout!
You reach to attack!
You closely miss the gnoll. You puncture the gnoll! You freeze the gnoll.
You kill the gnoll!
No target in view!
No target in view!
A kobold comes into view. It is wielding a +0 short sword.
Things that are here:
5 gold pieces; a +0 club A gnoll bouda and 2 gnolls come into view.
A gnoll is wielding a +0 whip.
The kobold shouts!
The gnoll bouda shouts!
You hear a shout!
A goblin comes into view. It is wielding a +0 dagger.
The gnoll moves out of view.
You hear a shout!
You reach to attack!
You closely miss the kobold.
A gnoll comes into view. It is wielding a +0 flail.
The gnoll bouda gazes fiercely through you!
You feel your attacks grow feeble. You block the kobold's attack.
You barely miss the kobold. Your grab misses the kobold.
You squeeze the kobold. You block the kobold's attack.
The gnoll bouda gazes fiercely through you!
You feel as though you will be weak longer.
You closely miss the kobold. Your grab misses the kobold.
You squeeze the kobold, but do no damage.
The kobold hits you with a +0 short sword.
You take 3 damage, and have 39/42 hp.
You puncture the kobold! You freeze the kobold.
You kill the kobold!
The gnoll bouda gazes fiercely through you!
You feel as though you will be weak longer.
The gnoll bouda closely misses you.
You hit the gnoll bouda. You freeze the gnoll bouda.
Your grab misses the gnoll bouda. The gnoll closely misses you.
The gnoll bouda barely misses you.
You barely miss the gnoll bouda. You grab the gnoll bouda.
You constrict the gnoll bouda, but do no damage.
The gnoll hits you with a +0 whip. You block the gnoll bouda's attack.
The gnoll hits you with a +0 flail.
You take 9 damage, and have 31/42 hp.
MASSIVE DAMAGE!!
You release your grip on the gnoll bouda.
The gnoll bouda barks out a call to the hunt!
The gnolls pick up the pace!
The gnoll throws a throwing net.
The throwing net barely misses you.
You see here a throwing net {!d}.
You hit the gnoll. You freeze the gnoll. Your grab misses the gnoll.
You squeeze the gnoll! The gnoll misses you.
You hit the gnoll. You freeze the gnoll.
You kill the gnoll!
The gnoll bouda hits you with a +0 club.
You take 6 damage, and have 26/42 hp.
You barely miss the gnoll bouda. You grab the gnoll bouda.
You constrict the gnoll bouda, but do no damage.
The gnoll bouda hits you with a +0 club!
You take 8 damage, and have 18/42 hp.
You hit the gnoll bouda. You freeze the gnoll bouda.
You constrict the gnoll bouda.
The gnoll bouda hits you with a +0 club.
You take 2 damage, and have 16/42 hp.
You hit the gnoll bouda. You freeze the gnoll bouda.
You constrict the gnoll bouda.
The gnoll bouda hits you with a +0 club.
* * * LOW HITPOINT WARNING * * *
You take 6 damage, and have 10/42 hp.
You release your grip on the gnoll bouda.
You hit the gnoll bouda. You freeze the gnoll bouda.
Your grab misses the gnoll bouda. Your squeeze misses the gnoll bouda.
The gnoll bouda misses you.
You puncture the gnoll bouda! You freeze the gnoll bouda.
You kill the gnoll bouda!
You closely miss the goblin. You grab the goblin. You squeeze the goblin.
You constrict the goblin.
You kill the goblin!
The gnoll is distracted by your dazzling golden aura.
You completely miss the gnoll.
The gnoll shouts!
You grab the gnoll. You squeeze the gnoll! You constrict the gnoll.
The gnoll hits you with a +0 flail.
* * * LOW HITPOINT WARNING * * *
The gnoll hits you with a +0 flail.
You die...
Your body crumbles into a pile of gold.

.# ..# . #.# #+# #.
#.# #.# #.##.####.#
#.#
#..g....#.####.#####
#.$.g$...#......####
#.##$###...........###
# #g###.#............
#.@...........#.###
#####.###....##.# ...#
#.#####.# #####
#.......# #########


You could see 2 gnolls.

Vanquished Creatures
  An ogre (D:4)
  2 hounds (D:4)
  A gnoll bouda (D:4)
  2 orc wizards (D:4)
  2 gnolls (D:4)
  2 adders
  A worm (D:2)
  2 dart slugs
  3 orcs (D:4)
  3 ball pythons
  11 endoplasms
  11 goblins
  5 hobgoblins
  3 quokkas
  A bat (D:1)
  3 frilled lizards
  5 kobolds
  5 rats
63 creatures vanquished.

Notes
Turn   | Place    | Note
-------+----------+-------------------------------------------
     0 | D:1      | sokol815 the Octopode Gladiator began the quest for the
                  | Orb.
     0 | D:1      | Reached XP level 1. HP: 14/14 MP: 1/1
   211 | D:1      | Found Qaecrirph's Book Boutique.
   221 | D:1      | Reached XP level 2. HP: 19/19 MP: 2/2
  1144 | D:2      | Found Xoybomnu's Antique Armour Shoppe.
  1554 | D:2      | Reached XP level 3. HP: 25/25 MP: 3/3
  1909 | D:3      | Noticed an angel
  1915 | D:3      | Found a shimmering altar of Xom.
  1918 | D:3      | Found a glowing silver altar of Zin.
  2047 | D:3      | Reached skill level 1 in Shields
  2167 | D:3      | Found Peacw's Distillery.
  2176 | D:3      | Bought a potion of degeneration for 13 gold pieces
  2522 | D:4      | Reached skill level 4 in Polearms
  2532 | D:4      | Reached XP level 4. HP: 30/30 MP: 4/4
  2576 | D:4      | Identified the +1 short sword "Folesef" {vamp, *Slow
                  | Fragile rPois rF++}
  2608 | D:4      | Noticed an ogre
  2614 | D:4      | Gained mutation: You are weak. (Str -2) [potion of
                  | mutation]
  2614 | D:4      | Gained mutation: You are very weak. (Str -4) [potion of
                  | mutation]
  2614 | D:4      | Gained mutation: You are covered in fur. (AC +1) [potion of
                  | mutation]
  2614 | D:4      | Lost mutation: You are very weak. (Str -4) [potion of
                  | mutation]
  2634 | D:4      | HP: 2/30 [ogre/+0 giant club (27)]
  2638 | D:4      | Killed an ogre
  2639 | D:4      | Reached skill level 3 in Fighting
  2639 | D:4      | Reached skill level 2 in Shields
  2639 | D:4      | Reached XP level 5. HP: 4/36 MP: 5/5
  2775 | D:4      | Found a hide-covered altar of Uskayaw.
  2899 | D:4      | Found a broken altar of Ashenzari.
  2937 | D:4      | Reached skill level 5 in Polearms
  2937 | D:4      | Reached skill level 3 in Shields
  2937 | D:4      | Reached XP level 6. HP: 42/42 MP: 6/6
  2989 | D:4      | Found a glowing golden altar of the Shining One.
  3297 | D:4      | Found the +8 Wrath of Trog {antimagic, *Rage Rampage}
  3302 | D:4      | Found a staircase to the Ecumenical Temple.
  3315 | Temple   | Entered the Ecumenical Temple
  3333 | Temple   | Became a worshipper of Gozag Ym Sagoz the Greedy
  3510 | D:4      | HP: 10/42 [gnoll bouda/+0 club (6)]
  3515 | D:4      | HP: 6/42 [gnoll/+0 flail[a gnoll bouda] (6)]
  3515 | D:4      | Slain by a gnoll

Illustrated notes

Levels and vault maps discovered:
D:1:      erik_arrival_cave_to_civilisation [erik_arrival_cave_to_hall],
          layout_loops_corners, serial_shops, shop
D:2:      layout_basic, serial_shops,
          nicolae_shop_temple_entry_statues_fountains
D:3:      layout_basic, grunt_temple_overflow_order_and_chaos_1, serial_shops,
          shop, chequers_serial_rivers_small_b
D:4:      layout_loops_corners, mainiacjoe_overflow_catwalk_spiral,
          tso_oasis_becter, minmay_temple_entry_tees, minmay_ogre_servants
Temple:   hellmonk_temple_forest_ring

Skill      XL: |  1  2  3  4  5 |
---------------+----------------+-----
Shields        | 1 2 3 |  3.4
Polearms       | 4 5 |  5.2
Fighting       | 3 |  3.5
Throwing       | |  2.0
Dodging        | |  3.0

Action                     |  1- 3 |  4- 6 || total
---------------------------+-------+-------++-------
  Melee: Trident           |    64 |    63 ||   127
         Constrict         |    10 |    10 ||    20
         Tentacles         |     9 |    13 ||    22
  Throw: Javelin           |     2 |       ||     2
    Use: Scroll            |     5 |     4 ||     9
         Potion            |       |     5 ||     5
   Stab: Sleeping          |    12 |     3 ||    15
 Armour: Skin              |    12 |    32 ||    44
  Dodge: Dodged            |    14 |    30 ||    44
  Block: Buckler           |     1 |     6 ||     7

Table legend: (Time is in decaauts)
 A = Elapsed time spent in this place.
 B = Non-inter-level travel time spent in this place.
 C = Inter-level travel time spent in this place.
 D = Time resting spent in this place.
 E = Time spent auto-exploring this place.
 F = Levels seen in this place.
 G = Mean time per level.
                   A        B        C        D        E       F      G
               +--------+--------+--------+--------+--------+-----+--------+
         Total |   3531 |   3358 |    173 |    266 |   2699 |   5 |  706.2 |
       Dungeon |   3494 |   3356 |    138 |    266 |   2699 |   4 |  873.5 |
        Temple |     36 |      1 |     35 |      0 |      0 |   1 |   36.0 |
               +--------+--------+--------+--------+--------+-----+--------+

Top non-repeatable levels by time:
     D:1: 1107 daAuts
     D:4: 977 daAuts
     D:2: 707 daAuts
     D:3: 702 daAuts
  Temple: 36 daAuts

Levels and vault maps discovered:
D:1:      erik_arrival_cave_to_civilisation [erik_arrival_cave_to_hall],
          layout_loops_corners, serial_shops, shop
D:2:      layout_basic, serial_shops,
          nicolae_shop_temple_entry_statues_fountains
D:3:      layout_basic, grunt_temple_overflow_order_and_chaos_1, serial_shops,
          shop, chequers_serial_rivers_small_b
D:4:      layout_loops_corners, mainiacjoe_overflow_catwalk_spiral,
          tso_oasis_becter, minmay_temple_entry_tees, minmay_ogre_servants
Temple:   hellmonk_temple_forest_ring

Table legend: (Time is in decaauts)
 A = Elapsed time spent in this place.
 B = Non-inter-level travel time spent in this place.
 C = Inter-level travel time spent in this place.
 D = Time resting spent in this place.
 E = Time spent auto-exploring this place.
 F = Levels seen in this place.
 G = Mean time per level.
                   A        B        C        D        E       F      G
               +--------+--------+--------+--------+--------+-----+--------+
         Total |   3531 |   3358 |    173 |    266 |   2699 |   5 |  706.2 |
       Dungeon |   3494 |   3356 |    138 |    266 |   2699 |   4 |  873.5 |
        Temple |     36 |      1 |     35 |      0 |      0 |   1 |   36.0 |
               +--------+--------+--------+--------+--------+-----+--------+

Top non-repeatable levels by time:
     D:1: 1107 daAuts
     D:4: 977 daAuts
     D:2: 707 daAuts
     D:3: 702 daAuts
  Temple: 36 daAuts

Table legend:
 A = Kills in this place as a percentage of kills in the entire game.
 B = Kills by you in this place as a percentage of kills by you in the entire game.
 C = Kills by friends in this place as a percentage of kills by friends in the entire game.
 D = Other kills in this place as a percentage of other kills in the entire game.
 E = Experience gained in this place as a percentage of experience gained in the entire game.
 F = Experience gained in this place divided by the number of levels of this place that you have seen.
                   A       B       C       D       E      F
               +-------+-------+-------+-------+-------+----------------------
         Total | 100.0 | 100.0 |   N/A |   N/A | 100.0 |  95.2
       Dungeon | 100.0 | 100.0 |   N/A |   N/A | 100.0 | 119.0
               +-------+-------+-------+-------+-------+----------------------
